 Dungeon Crawl Stone Soup version 0.29.1-1-gd02db6906a (webtiles) character file.

Game seed: 16259988469773084082

51 raph the Stinger (level 3, -3/19 HPs)
             Began as a Deep Elf Venom Mage on Oct 12, 2022.
             Slain by Terence
             ... wielding a +2 flail of protection
              (4 damage)
             ... on level 2 of the Dungeon.
             The game lasted 00:02:55 (1920 turns).

raph the Stinger (Deep Elf Venom Mage)              Turns: 1920, Time: 00:02:56

Health: -3/19      AC:  4    Str:  5    XL:     3   Next: 58%
Magic:  1/10       EV: 13    Int: 21    God:
Gold:   56         SH:  0    Dex: 15    Spells: 3/9 levels left

rFire   + . .      SeeInvis .   a - +1 dagger
rCold   . . .      Faith    .   (no shield)
rNeg    . . .      Spirit   .   g - +1 robe {rF+}
rPois   .          Reflect  .   (no helmet)
rElec   .          Harm     .   (no cloak)
rCorr   .          Rampage  .   d - +0 pair of gloves
Will    .....                   (no boots)
Stlth   ++........              (no amulet)
HPRegen 0.06/turn               (no ring)
MPRegen 0.12/turn               (no ring)

@: very slightly contaminated
A: no striking features
a: no special abilities


You were on level 2 of the Dungeon.
You visited 1 branch of the dungeon, and saw 2 of its levels.

You collected 56 gold pieces.

Inventory:

Hand Weapons
 a - a +1 dagger (weapon)
Armour
 d - a +0 pair of gloves (worn)
 g - a +1 robe of fire resistance (worn)
Scrolls
 c - 2 scrolls of amnesia
Potions
 b - a potion of magic
 e - a potion of heal wounds
 f - a potion of lignification {unknown}
 h - a potion of curing {unknown}


   Skills:
 + Level 3.0 Dodging
 + Level 3.1 Stealth
 + Level 3.6 Spellcasting
 + Level 0.4 Conjurations
 - Level 1.1 Transmutations
 * Level 4.1 Poison Magic


You had 3 spell levels left.
You knew the following spells:

 Your Spells              Type           Power      Damage    Failure   Level
a - Sting                 Tmut/Pois      56%        1d5       4%          1
b - Poisonous Vapours     Pois/Air       24%        N/A       9%          2
c - Mephitic Cloud        Conj/Pois/Air  10%        N/A       21%         3

Your spell library contained the following spells:

 Spells                   Type           Power      Damage    Failure   Level
 Foxfire                  Conj/Fire      16%        2x1d4     12%         1
 Conjure Flame            Conj/Fire      4%         6-21      34%         3
 Inner Flame              Hex/Fire       3%         N/A       36%         3
 Olgreb's Toxic Radiance  Pois           21%        N/A       22%         4
 Flame Wave               Conj/Fire      4%         2d5       75%         4


Dungeon Overview and Level Annotations

Branches:
Dungeon (2/15)

Altars:

Annotations:
D:2 Jessica, Terence


Message History

Terence is nearby!
Casting: Poisonous Vapours (safe; 9% risk of failure)
Confirm with . or Enter, or press ? or * to list all spells.
Aiming: Poisonous Vapours (safe; 9% risk of failure)
Press: ? - help, Dir - move target, f - Terence
Aim: Terence, wielding a +2 flail of protection and wearing a +0 chain mail Poisonous vapours surround Terence!
Terence is poisoned.
Casting: Poisonous Vapours (safe; 9% risk of failure)
Confirm with . or Enter, or press ? or * to list all spells.
Aiming: Mephitic Cloud (extremely dangerous; 21% risk of failure)
Press: ? - help, Shift-Dir - straight line, f/p - Terence
Aim: Terence, wielding a +2 flail of protection and wearing a +0 chain mail (poisoned, chance to affect: 91%)
You miscast Mephitic Cloud.
You are very lightly contaminated with residual magic.
Nothing appears to happen.
Aiming: Sting (safe; 4% risk of failure)
Press: ? - help, Q - select action, (/) - cycle Shift-Dir - straight line, f/p - Terence
Aim: Terence, wielding a +2 flail of protection and wearing a +0 chain mail (poisoned, 79% to hit)
The sting hits Terence but does no damage.
Terence looks even sicker.
Aiming: Sting (safe; 4% risk of failure)
Press: ? - help, Q - select action, (/) - cycle Shift-Dir - straight line, f/p - Terence
Aim: Terence, wielding a +2 flail of protection and wearing a +0 chain mail (very poisoned, 79% to hit)
The sting hits Terence but does no damage.
Terence looks even sicker.
Aiming: Sting (safe; 4% risk of failure)
Press: ? - help, Q - select action, (/) - cycle Shift-Dir - straight line, f/p - Terence
Aim: Terence, wielding a +2 flail of protection and wearing a +0 chain mail (very poisoned, 79% to hit)
The sting misses Terence.
Terence barely misses you. Terence attacks as you move away!
Terence hits you with a +2 flail of protection!
Terence attacks as you move away! Terence barely misses you.
Terence attacks as you move away!
Terence hits you with a +2 flail of protection!
* * * LOW HITPOINT WARNING * * *
Terence closely misses you. Terence attacks as you move away!
Terence hits you with a +2 flail of protection.
You die...

############# #...........#
#...........################
#..........@'...............
#.........@.#############...
#...........# #...
######.†..##### #...
<.........'...... #...
###..#....######. #...
#.......# #... #...#..##
#... #...#..# ##..


You could see Terence (very poisoned).

Vanquished Creatures
  2 adders (D:2)
  2 worms (D:2)
  3 endoplasms
  3 goblins
  6 hobgoblins
  A ball python (D:1)
  4 frilled lizards
  4 kobolds (D:1)
  3 rats
28 creatures vanquished.

Notes
Turn   | Place    | Note
-------+----------+-------------------------------------------
     0 | D:1      | raph the Deep Elf Venom Mage began the quest for the Orb.
     0 | D:1      | Reached XP level 1. HP: 10/10 MP: 6/6
   207 | D:1      | You fall into a shaft and drop 1 floor!
   266 | D:2      | Reached XP level 2. HP: 15/15 MP: 4/8
   340 | D:2      | Noticed Terence
   351 | D:2      | Noticed Jessica
   536 | D:1      | Learned a level 2 spell: Poisonous Vapours
   971 | D:1      | Reached XP level 3. HP: 19/19 MP: 4/9
   975 | D:1      | Learned a level 3 spell: Mephitic Cloud
  1299 | D:2      | Reached skill level 4 in Poison Magic
  1920 | D:2      | Slain by Terence

Illustrated notes

Levels and vault maps discovered:
D:1:      psy_arrival_terrarium, layout_rooms, st_stairs_13
D:2:      layout_basic, basic_altar, kennysheep_minor_cross, uniq_terence,
          uniq_jessica

Skill      XL: |  1  2  3 |
---------------+----------+-----
Stealth        | 3 |  3.1
Poison Magic   | 4 |  4.1
Dodging        | 3 |  3.0
Spellcasting   | |  3.6
Conjurations   | |  0.4
Transmutations | |  1.1

Action                   || total
-------------------------++-------
Melee: Dagger            ||    24
       Unarmed           ||     1
 Cast: Sting             ||    37
       Poisonous Vapours ||    14
  Use: Scroll            ||     7
 Stab: Sleeping          ||     2
       Distracted        ||     1
Armor: Robe              ||     7
Dodge: Dodged            ||    37
